 Dungeon Crawl Stone Soup version 0.31-a0-277-g31ea1f65cc (webtiles) character file.

Game seed: 11522471987292001776

8 Ofeo the Changeling (level 2, 27/29 HPs)
             Began as an Ogre Shapeshifter on July 16, 2023.
             Quit the game on level 1 of the Dungeon.
             The game lasted 00:00:30 (274 turns).

Ofeo the Changeling (Ogre Shapeshifter)              Turns: 274, Time: 00:00:31

Health: 27/29      AC:  3    Str: 18    XL:     2   Next: 8%
Magic:  2/2        EV:  9    Int:  9    God:
Gold:   30         SH:  0    Dex:  9    Spells: 1/1 levels left

rFire   . .          .
                       - Unarmed
rCold   . . .        (no shield)
rNeg    . . .        a - +0 animal skin
rPois   .            (helmet currently unavailable)
rElec   .            (cloak currently unavailable)
rCorr   .            (gloves unavailable)
SInv    .            (boots unavailable)
Will    .....        (no amulet)
Stlth   +            (no ring)
HPRegen 0.24/turn    (no ring)
MPRegen 0.08/turn

%: no passive effects
@: beast-form
A: beast (slay +2), large, unfitting armour, tough skin 1
a: Begin Untransformation


You were on level 1 of the Dungeon.
You were a hulking beast.
You visited 1 branch of the dungeon, and saw 1 of its levels.

You collected 30 gold pieces.

Inventory:

Armour
 a - a +0 animal skin (worn)
Talismans
 c - a beast talisman
Scrolls
 d - a scroll of enchant weapon {unknown}
 e - a scroll of fear {unknown}
 g - 2 scrolls of identify {unknown}
Potions
 b - a potion of lignification
 f - a potion of curing {unknown}
 h - a potion of might {unknown}


   Skills:
 + Level 2.9 Fighting
 + Level 1.9 Dodging
 + Level 1.9 Unarmed Combat
 * Level 3.1 Shapeshifting


You had one spell level left.
You didn't know any spells.
Your spell library was empty.

Dungeon Overview and Level Annotations

Branches:
Dungeon (1/15)

Altars:


Innate Abilities, Weirdness & Mutations

You are a hulking beast.
Your limbs bulge with bestial killing power. (Slay +2)
You are too large for most types of armour.
You have tough skin. (AC +1)


Message History

No target in view!
A rat comes into view.
A rat is nearby!
A rat is nearby!
A rat is nearby!
You hit the rat.
The rat is heavily wounded.
The rat bites you but does no damage.
You punch the rat!
You kill the rat!
You have reached level 2!
Health restored: 29; MP restored: 2 You see here a rat corpse.
An endoplasm comes into view.
An endoplasm is nearby!
An endoplasm is nearby!
An endoplasm is nearby!
The endoplasm quivers.
You hit the endoplasm.
The endoplasm is heavily wounded.
The endoplasm hits you.
You take 2 damage, and have 27/29 hp.
You hit the endoplasm.
You kill the endoplasm!
No target in view!
No target in view!
No target in view!
No target in view!
No target in view!
No target in view!
No target in view!
No target in view!
No target in view!
No target in view!
Are you sure you want to abandon this character and quit the game? (Confirm with "yes".)
Okay, then.
Saving game... please wait.
Welcome back, Ofeo the Ogre Shapeshifter.
Press ? for a list of commands and other information.
Are you sure you want to abandon this character and quit the game? (Confirm with "yes".)

....####.######..#.###
##..###.######..#.#
#.#....†#.......#.#
#.......+.......#.#
##.##....#.......#.#
+..##....#.......#.#
#........+.........#
#.....####......#..##
+....h# ########...##
#.....# #......
+.....+ #.#.#.#
#.....# #......
#.....# ########.
####### #......#.
#.####.#. #.#..#.#.
#.+.<'.#.


There were no monsters in sight!

Vanquished Creatures
  An endoplasm (D:1)
  A goblin (D:1)
  A hobgoblin (D:1)
  A quokka (D:1)
  A bat (D:1)
  2 frilled lizards (D:1)
  A rat (D:1)
8 creatures vanquished.

Notes
Turn   | Place    | Note
-------+----------+-------------------------------------------
     0 | D:1      | Ofeo the Ogre Shapeshifter began the quest for the Orb.
     0 | D:1      | Reached XP level 1. HP: 22/22 MP: 1/1
   264 | D:1      | Reached XP level 2. HP: 29/29 MP: 2/2
   274 | D:1      | Quit the game

Illustrated notes

Levels and vault maps discovered:
D:1:      ncdulo_smallfort, layout_basic, minmay_misc_feat_columns

Action                     || total
---------------------------++-------
  Melee: Unarmed           ||    35
 Armour: Animal skin       ||    17
  Dodge: Dodged            ||    18

Table legend: (Time is in decaauts)
 A = Elapsed time spent in this place.
 B = Non-inter-level travel time spent in this place.
 C = Inter-level travel time spent in this place.
 D = Time resting spent in this place.
 E = Time spent auto-exploring this place.
 F = Levels seen in this place.
 G = Mean time per level.
                   A        B        C        D        E       F      G
               +--------+--------+--------+--------+--------+-----+--------+
         Total |    272 |    272 |      0 |      0 |    205 |   1 |  272.0 |
       Dungeon |    272 |    272 |      0 |      0 |    205 |   1 |  272.0 |
               +--------+--------+--------+--------+--------+-----+--------+

Top non-repeatable levels by time:
     D:1: 272 daAuts
